 Dungeon Crawl Stone Soup version 0.29-a0-998-g1987434951 (webtiles) character file.

Game seed: 949971167011777685

114 Newt the Shooter (level 5, 0/29 HPs)
             Began as a Kobold Arcane Marksman on Aug 5, 2022.
             Killed from afar by Natasha (11 damage)
             ... with a magic dart
             ... on level 2 of the Dungeon.
             The game lasted 00:04:42 (2596 turns).

Newt the Shooter (Kobold Arcane Marksman)           Turns: 2596, Time: 00:04:42

Health: 0/29       AC:  3    Str:  9    XL:     5   Next: 18%
Magic:  16/16      EV: 15    Int: 14    God:
Gold:   73         SH:  0    Dex: 16    Spells: 6/7 levels left

rFire   . . .      SeeInvis .   a - +2 sling
rCold   . . .      Faith    .   (no shield)
rNeg    . . .      Spirit   .   c - +0 robe
rPois   .          Reflect  .   (no helmet)
rElec   .          Harm     .   (no cloak)
rCorr   .          Rampage  .   (no gloves)
Will    .....                   h - +0 pair of boots
Stlth   +++.......              (no amulet)
HPRegen 0.09/turn               g - ring of magical power
MPRegen 0.15/turn               (no ring)

@: no status effects
A: small, no large weapons, nightstalker 3
a: no special abilities


You were on level 2 of the Dungeon.
You visited 1 branch of the dungeon, and saw 3 of its levels.

You collected 73 gold pieces.

Inventory:

Hand Weapons
 a - a +2 sling (weapon)
Armour
 c - a +0 robe (worn)
 h - a +0 pair of boots (worn)
Jewellery
 d - a ring of ice
 g - a ring of magical power (left hand)
Scrolls
 b - a scroll of vulnerability
 k - a scroll of butterflies
 l - a scroll of magic mapping {unknown}
 m - a scroll of identify
Potions
 e - 2 potions of degeneration
 f - a potion of attraction {unknown}
 i - a potion of flight {unknown}
 j - a potion of might {unknown}


   Skills:
 - Level 1.1 Fighting
 + Level 5.1 Ranged Weapons
 - Level 2.4 Dodging
 + Level 0.3 Stealth
 + Level 1.9 Spellcasting
 + Level 3.9 Hexes


You had 6 spell levels left.
You knew the following spells:

 Your Spells              Type           Power      Damage    Failure   Level
a - Slow                  Hex            48%        N/A       4%          1

Your spell library contained the following spells:

 Spells                   Type           Power      Damage    Failure   Level
 Tukima's Dance           Hex            12%        N/A       14%         3
 Sandblast                Erth           2%         2d4       24%         1
 Inner Flame              Hex/Fire       6%         N/A       32%         3
 Portal Projectile        Hex/Tloc       12%        N/A       32%         3
 Passwall                 Tmut/Erth      0%         N/A       36%         2
 Cause Fear               Hex            6%         N/A       43%         4
 Stone Arrow              Conj/Erth      2%         3d7       58%         3
 Blade Hands              Tmut           0%         N/A       100%        5


Dungeon Overview and Level Annotations

Branches:
Dungeon (3/15)

Altars:

Annotations:
D:2 Natasha


Innate Abilities, Weirdness & Mutations

You are small and have problems with some larger weapons.
You are completely attuned to the shadows.


Message History

Natasha is severely wounded.
Natasha howls an incantation.
Natasha glows brightly for a moment.
Natasha closely misses you.
You shoot a sling bullet. The sling bullet barely misses Natasha.
The sling bullet closely misses the gnoll.
The sling bullet closely misses the iron imp.
Natasha wildly gestures.
Natasha's front paws start to glow.
Natasha claws you!
You shoot a sling bullet. The sling bullet hits Natasha.
Natasha is severely wounded.
Natasha claws you!
The iron imp shouts, "Slither hence, thou skyhacking hasty-witted bugbear!"
You are too injured to fight recklessly!
You are too injured to fight recklessly!
Fire: a) +2 sling
Press: ? - help, Shift-Dir - straight line, f/p - Natasha
Aim: Natasha (severely wounded, 55% to hit)
You shoot a sling bullet. The sling bullet barely misses Natasha.
The sling bullet hits the gnoll.
The gnoll is almost dead.
Natasha barely misses you.
Fire: a) +2 sling
Press: ? - help, Shift-Dir - straight line, f/p - Natasha
Aim: Natasha (severely wounded, 55% to hit)
You shoot a sling bullet. The sling bullet hits Natasha.
Natasha is almost dead.
Natasha claws you.
Unknown command.
Fire: a) +2 sling
Press: ? - help, Shift-Dir - straight line, f/p - Natasha
Aim: Natasha (almost dead, 55% to hit)
You shoot a sling bullet.
The sling bullet closely misses Natasha.
The sling bullet hits the gnoll.
The gnoll is almost dead.
Natasha casts a spell at you. The magic dart hits you!
You die...

#.........'...+.............†...
###...#####...#.################
#...# #...#.# #.....
#...#####...#.###########.####
####...+.....................(.#
.......#########.###########.#.#
####.#.# #.# #.#.# ...#g#.# #.#
#.#.# ##.#.# # #@# #.#.## #<.#.#
.#h# #.#... #.##.########.##g#
#.###. #..#...)........5#
####..... #..#......###.....
......... #..#......# #......
........< # #......# #.#...##
######### # #......# #........ #
#..##### #.#######


You could see an iron imp (summoned), Natasha and a gnoll.

Vanquished Creatures
  Natasha (D:2)
  Terence (D:2)
  2 gnolls (D:2)
  An adder (D:2)
  A dart slug (D:1)
  3 ball pythons (D:2)
  3 endoplasms
  2 giant cockroaches
  3 goblins (D:1)
  2 hobgoblins
  3 jackals (D:1)
  A quokka (D:2)
  5 bats
  2 frilled lizards
  3 kobolds
  5 rats
38 creatures vanquished.

Notes
Turn   | Place    | Note
-------+----------+-------------------------------------------
     0 | D:1      | Newt the Kobold Arcane Marksman began the quest for the
                  | Orb.
     0 | D:1      | Reached XP level 1. HP: 12/12 MP: 2/2
   264 | D:1      | Reached XP level 2. HP: 15/16 MP: 3/3
   568 | D:1      | Reached skill level 3 in Ranged Weapons
   878 | D:1      | Reached XP level 3. HP: 17/20 MP: 4/4
  1190 | D:2      | Noticed Terence
  1337 | D:2      | Killed Terence
  1338 | D:2      | Reached skill level 4 in Ranged Weapons
  1493 | D:2      | Reached XP level 4. HP: 25/25 MP: 6/6
  1895 | D:2      | Found a faded altar of an unknown god.
  2103 | D:2      | Noticed Natasha
  2107 | D:2      | Killed Natasha
  2108 | D:2      | Reached XP level 5. HP: 23/29 MP: 7/7
  2273 | D:2      | Reached skill level 5 in Ranged Weapons
  2582 | D:2      | Noticed Natasha
  2596 | D:2      | Killed from afar by Natasha

Illustrated notes

Levels and vault maps discovered:
D:1:      dpeg_arrival_oval, layout_basic
D:2:      layout_basic, ebering_ecumenical_altar_hall, uniq_terence,
          uniq_natasha
D:3:      layout_loops_ring, nicolae_shop_vocational, uniq_crazy_yiuf_cottage

Skill      XL: |  1  2  3  4  5 |
---------------+----------------+-----
Ranged Weapons | 3 4 5 |  5.1
Fighting       | |  1.1
Dodging        | |  2.4
Stealth        | |  0.3
Spellcasting   | |  1.9
Hexes          | |  3.9

Action                   |  1- 3 |  4- 6 || total
-------------------------+-------+-------++-------
 Fire: Sling             |    91 |    71 ||   162
 Cast: Slow              |    12 |     6 ||    18
  Use: Scroll            |     4 |       ||     4
Armor: Robe              |     5 |     9 ||    14
Dodge: Dodged            |    59 |    40 ||    99

Table legend: (Time is in decaauts)
 A = Elapsed time spent in this place.
 B = Non-inter-level travel time spent in this place.
 C = Inter-level travel time spent in this place.
 D = Time resting spent in this place.
 E = Time spent auto-exploring this place.
 F = Levels seen in this place.
 G = Mean time per level.
                   A        B        C        D        E       F      G
               +--------+--------+--------+--------+--------+-----+--------+
         Total |   2629 |   2617 |     12 |    368 |   1821 |   3 |  876.3 |
       Dungeon |   2629 |   2617 |     12 |    368 |   1821 |   3 |  876.3 |
               +--------+--------+--------+--------+--------+-----+--------+

Top non-repeatable levels by time:
     D:2: 1246 daAuts
     D:1: 1121 daAuts
     D:3: 261 daAuts
